 Dungeon Crawl Stone Soup version 0.31-a0-702-gf82c85558f (webtiles) character file.

Game seed: 6565028012981949887

58 qw the Shooter (level 4, -5/27 HPs)
             Began as a Gargoyle Hunter on Sept 8, 2023.
             Killed by divine providence
             ... invoked by an orc priest
              (15 damage)
             ... on level 3 of the Dungeon.
             The game lasted 00:00:37 (1660 turns).

qw the Shooter (Gargoyle Hunter)                    Turns: 1660, Time: 00:00:37

Health: -5/27      AC: 12    Str: 15    XL:     4   Next: 1%
Magic:  4/4        EV: 11    Int:  9    God:
Gold:   139        SH:  0    Dex: 15    Spells: 3/3 levels left

rFire   . . .        Y - +0 shortbow
rCold   . . .        (shield currently unavailable)
rNeg    + . .        e - +0 ring mail
rPois   inf          (no helmet)
rElec   +            (no cloak)
rCorr   +            (no gloves)
SInv    .            (no boots)
Will    .....        c - amulet of faith
Stlth   +            i - +4 ring of protection
HPRegen 0.24/turn    m - ring of resist corrosion
MPRegen 0.09/turn

%: faith
@: no status effects
A: sickness immunity, AC +3, negative energy resistance 1, electricity
resistance, torment resistance 1, petrification resistance
a: no special abilities


You were on level 3 of the Dungeon.
You visited 1 branch of the dungeon, and saw 3 of its levels.

You collected 139 gold pieces.


Innate Abilities, Weirdness & Mutations

You are immune to sickness and miasma.
Your stone body is resilient. (AC +3)
You are immune to poison.
You resist negative energy. (rN+)
You are resistant to electric shocks. (rElec)
You are resistant to unholy torment.
You are immune to petrification.


   Skills:
 + Level 2.6 Fighting
 - Level 5.1 Ranged Weapons
 - Level 1.1 Armour
 - Level 1.5 Dodging
 - Level 1.1 Stealth


You had 3 spell levels left.
You didn't know any spells.
Your spell library was empty.

Inventory:

Hand Weapons
 Y - a +0 shortbow (weapon)
Armour
 e - a +0 ring mail (worn)
Jewellery
 c - an amulet of faith (around neck)
 d - an amulet of the acrobat
 i - a +4 ring of protection (left hand)
 m - a ring of resist corrosion (right hand)
Scrolls
 b - 2 scrolls of identify
Potions
 a - a potion of curing {unknown}
 f - a potion of resistance {unknown}
 g - a potion of ambrosia {unknown}
 h - a potion of magic {unknown}
 k - a potion of might
 l - a potion of lignification {unknown}

Dungeon Overview and Level Annotations

Branches:
Dungeon (3/15)

Altars:

Shops:
D:1 [   D:2 [


Message History

The orc priest is severely wounded.
The orc priest looks braver for a moment.
The orc closely misses you.
A quokka comes into view.
The orc priest completely misses you.
You shoot an arrow. The arrow barely misses the orc priest.
The orc closely misses you. The orc priest barely misses you.
You shoot an arrow.
The arrow hits the orc priest but does no damage.
The orc priest is severely wounded.
The orc priest barely misses you. The orc hits you but does no damage. x2
You shoot an arrow. The arrow barely misses the orc priest.
The orc hits you but does no damage. The orc hits you with a +0 morningstar.
The orc priest hits you with a +0 flail.
You shoot an arrow.
The arrow hits the orc priest but does no damage.
The orc priest is severely wounded.
The orc hits you but does no damage. The orc closely misses you.
The orc priest hits you but does no damage.
You shoot an arrow.
The arrow hits the orc priest but does no damage.
The orc priest is severely wounded.
The orc priest hits you but does no damage.
The orc hits you with a +0 morningstar. The orc hits you but does no damage. x2
The orc priest invokes the aid of Beogh against you.
Pain shoots through your body! The orc completely misses you.
You shoot an arrow. The arrow barely misses the orc priest.
The orc closely misses you. The orc hits you but does no damage.
The orc priest casts a cantrip, but nothing happens.
You shoot an arrow.
The arrow hits the orc priest but does no damage.
The orc priest is severely wounded.
The orc hits you with a +0 dagger. The orc misses you.
The orc priest closely misses you.
You shoot an arrow. The arrow hits the orc priest.
The orc priest is almost dead.
The orc priest invokes the aid of Beogh against you.
Beogh smites you!
Ouch! That really hurt!
You die...

## #......##.#...##
.#####.####.##>.....##
..........#.##.......##
.###.#.##.............#
<##:#..####.#...<.....#
.#.###................#
... #.......#.......#
##. #.#####.##.....##
#...## #.##.@o.## .).
#.###oo## .. #.# #r...
.# #.. .....# ##.
#.#..# #.#..# #.....
#.#..##


You could see an orc priest, 2 orcs and a quokka.

Vanquished Creatures
  2 adders (D:2)
  A dart slug (D:1)
  7 ball pythons
  4 bats
  3 endoplasms
  4 goblins
  4 hobgoblins
  5 kobolds
  2 frilled lizards
  5 rats
37 creatures vanquished.

Notes
Turn   | Place    | Note
-------+----------+-------------------------------------------
     0 | D:1      | qw the Gargoyle Hunter began the quest for the Orb.
     0 | D:1      | Reached XP level 1. HP: 12/12 MP: 1/1
     0 | D:1      | 0 ||| qw: Version: 0.3-a-76-g4403597
     0 | D:1      | 0 ||| qw: Game counter: 937
     0 | D:1      | 0 ||| qw: Melee chars always use a shield: true
     0 | D:1      | 0 ||| qw: God list: Okawaru
     0 | D:1      | 0 ||| qw: Allow faded altars: false
     0 | D:1      | 0 ||| qw: Do Orc after clearing Dungeon:15 true
     0 | D:1      | 0 ||| qw: Do second Lair branch before Depths: true
     0 | D:1      | 0 ||| qw: Lair rune preference: random
     0 | D:1      | 0 ||| qw: Goals: Normal
     0 | D:1      | 0 ||| PLANNING D:1-11
    84 | D:1      | Found Maniw's Armour Shop.
    88 | D:1      | 88 ||| SHOPLISTING +0 pair of gloves of hurling (149 gold,
                  | have 3).
    88 | D:1      | 88 ||| SHOPLISTING +0 ring mail (52 gold, have 3).
   183 | D:1      | Reached XP level 2. HP: 14/17 MP: 2/2
   235 | D:1      | Found a faded altar of an unknown god.
   630 | D:1      | Reached XP level 3. HP: 20/21 MP: 3/3
   898 | D:1      | 898 ||| UPGRADING to +0 ring mail.
   908 | D:1      | 908 ||| DROPPING +0 leather armour.
   909 | D:1      | 909 ||| UPGRADING to +4 ring of protection.
   910 | D:1      | 910 ||| UPGRADING to ring of resist corrosion.
   911 | D:1      | 911 ||| READING scroll labelled UZESAEDWIS.
   912 | D:1      | 912 ||| READING 2 scrolls labelled ZAEMPIYSSE.
   913 | D:1      | 913 ||| READING scroll labelled JUQIVOUMYRR.
   914 | D:1      | 914 ||| DRINKING 2 puce potions.
   915 | D:1      | 915 ||| DROPPING scroll of butterflies.
   916 | D:1      | 916 ||| DROPPING scroll of vulnerability.
   987 | D:2      | Found Suthrojyx's Antique Armour Shop.
   992 | D:2      | 992 ||| SHOPLISTING helmet (117 gold, have 61).
   992 | D:2      | 992 ||| SHOPLISTING masterwork leather armour (182 gold,
                  | have 61).
   992 | D:2      | 992 ||| SHOPLISTING tattered robe (148 gold, have 61).
  1017 | D:2      | Reached skill level 1 in Armour
  1025 | D:2      | Reached skill level 5 in Ranged Weapons
  1593 | D:2      | 1593 ||| UPGRADING to amulet of faith.
  1598 | D:2      | 1598 ||| READING scroll labelled ZEXUSOUSHU.
  1634 | D:3      | Reached XP level 4. HP: 27/27 MP: 4/4
  1660 | D:3      | Killed from afar by an orc priest

Levels and vault maps discovered:
D:1:      zelgadis_glass_arrival_small, layout_loops_corners, serial_shops,
          nicolae_shop_crystal, shapermc_ecumenical_altar_petra
D:2:      layout_basic, serial_shops, shop
D:3:      layout_loops_cross, doesnt_xom_only_xom,
          nicolae_overflow_macrodata_refinement, minivault_24,
          nicolae_grassy_gnolls

Skill      XL: |  1  2  3 |
---------------+----------+-----
Armour         | 1 |  1.1
Ranged Weapons | 5 |  5.1
Fighting       | |  2.6
Dodging        | |  1.5
Stealth        | |  1.1

Action                     |  1- 3 |  4- 6 || total
---------------------------+-------+-------++-------
   Fire: Shortbow          |   130 |    17 ||   147
    Use: Scroll            |     4 |       ||     4
         Potion            |     1 |       ||     1
 Armour: Leather armour    |    22 |       ||    22
         Ring mail         |    30 |    13 ||    43
  Dodge: Dodged            |    31 |    16 ||    47

Table legend:
 A = Non-vault XP
 B = Vault XP
 C = Vault XP percentage of total XP
 D = Non-vault monster count
 E = Vault monster count
 F = Vault count percentage of total count
                 A         B        C        D         E       F
            +---------+---------+-------+---------+---------+-------
      Total |      83 |       0 |   0.0 |      37 |       0 |   0.0
            +---------+---------+-------+---------+---------+-------
        D:1 |      37 |       0 |   0.0 |      21 |       0 |   0.0
        D:2 |      43 |       0 |   0.0 |      13 |       0 |   0.0
        D:3 |       3 |       0 |   0.0 |       3 |       0 |   0.0
            +---------+---------+-------+---------+---------+-------
